Map: [G8] Dragon Scales

Players

Elazer

  • Race: Zerg Zerg
  • Spawn Location: 11:00

Spirit - Winner!

  • Race: Terran Terran
  • Spawn Location: 5:00

Event: Gamers8 2023

VOD

Have the link to the VOD?

Description

Time

  • Played on: Aug. 4, 2023, 9:46 a.m.
  • Length: 40:07

All games in this series

Show
View Real Time Build Order
Export as new Build Order

Elazer Zerg 

Build Orders: Hatch First 

Get SALT Encoding   

  12  0:00  Drone  
  13  0:12  Overlord  
  13  0:16  Drone  
  14  0:30  Drone x2  
  16  0:47  Hatchery  
  15  0:50  Drone  
  15  0:54  Drone  
  17  0:58  Drone  
  18  1:08  Extractor  
  17  1:12  Spawning Pool  
  17  1:15  Drone  
  17  1:19  Drone  
  18  1:28  Drone  
  19  1:38  Drone  
  20  1:49  Drone  
  21  1:59  Queen x2  
  21  2:00  Drone x2  
  27  2:10  Drone  
  27  2:11  Overlord  
  28  2:23  Hatchery, Drone  
  28  2:32  Drone  
  28  2:33  Drone  
  28  2:34  Drone  
  31  2:37  Queen  
  31  2:41  Metabolic Boost  
  33  2:46  Overlord  
  33  2:49  Drone  
  34  2:54  Drone  
  34  2:55  Drone  
  36  3:04  Drone  
  36  3:05  Drone  
  38  3:06  Overlord  
  38  3:07  Drone  
  38  3:08  Drone  
  38  3:10  Queen  
  42  3:15  Queen  
  44  3:20  Overlord  
  44  3:25  Drone  
  44  3:26  Zergling x2  
  46  3:28  Drone  
  47  3:36  Drone x2  
  47  3:37  Queen  
  47  3:41  Drone x4  
  55  3:46  Queen  
  55  3:47  Drone  
  58  3:49  Drone x2  
  58  3:54  Queen  
  62  3:57  Overlord  
  62  4:01  Drone x3  
  65  4:08  Drone  
  66  4:14  Overlord  
  66  4:19  Queen  
  66  4:21  Drone x6  
  74  4:25  Overlord  
  74  4:30  Overlord x2  
  74  4:31  Lair  
  74  4:33  Zergling x6  
  74  4:34  Zergling x2  
  74  4:35  Zergling x2  
  79  4:40  Extractor  
  79  4:42  Zergling x6  
  79  4:43  Baneling Nest  
  80  4:50  Overlord  
  80  4:51  Queen  
  80  4:52  Spore Crawler  
  81  4:53  Spore Crawler  
  81  4:55  Spore Crawler, Drone  
  81  4:59  Zergling x4  
  82  5:00  Zergling x2  
  82  5:02  Drone x5  
  82  5:05  Overlord  
  82  5:06  Drone x2  
  89  5:07  Drone  
  89  5:12  Extractor  
  89  5:13  Extractor  
  88  5:18  Drone x6  
  94  5:29  Drone x3  
  94  5:30  Hatchery  
  94  5:32  Evolution Chamber x2  
  94  5:33  Extractor, Drone x3  
  96  5:38  Centrifugal Hooks  
  96  5:40  Drone x3  
  96  5:41  Drone  
  96  5:42  Drone  
  101  5:43  Drone  
  102  5:50  Overlord  
  102  5:51  Drone x4  
  103  5:57  Overseer  
  103  5:59  Overlord  
  103  6:03  Zerg Ground Armor Level 1, Zerg Melee Weapons Level 1  
  102  6:06  Spore Crawler  
  100  6:12  Zergling x16, Drone  
  100  6:16  Overlord  
  109  6:19  Burrow  
  109  6:22  Drone  
  109  6:28  Overlord  
  109  6:33  Zergling x14  
  109  6:37  Overlord  
  116  6:40  Hatchery  
  116  6:42  Zergling x10  
  116  6:45  Baneling x5  
  120  6:51  Zergling x2  
  120  6:52  Zergling x8  
  125  6:57  Overlord  
  125  6:58  Overlord  
  125  7:02  Drone x4  
  125  7:06  Drone x6  
  131  7:17  Overlord  
  131  7:21  Zergling x10  
  135  7:26  Zergling x14  
  142  7:32  Spore Crawler  
  142  7:36  Drone x5  
  145  7:39  Zergling x2  
  146  7:44  Zergling x8  
  146  7:50  Drone  
  151  7:51  Infestation Pit, Drone  
  151  7:53  Overlord  
  151  7:58  Zerg Melee Weapons Level 2, Zerg Ground Armor Level 2  
  151  7:59  Zergling x14  
  151  8:02  Hatchery, Baneling x17  
  157  8:06  Baneling  
  157  8:07  Baneling x9  
  157  8:12  Zergling x12  
  163  8:13  Zergling x4  
  163  8:15  Zergling x2  
  163  8:16  Zergling x6  
  169  8:23  Drone x6  
  175  8:38  Zergling x2  
  175  8:39  Zergling x22  
  181  8:47  Zergling x12  
  183  8:49  Zergling x2  
  183  8:50  Zergling x2  
  181  9:01  Zergling x10  
  185  9:04  Spawning Pool  
  184  9:12  Drone x2  
  184  9:13  Drone x5  
  157  9:35  Hive  
  154  9:41  Hydralisk Den, Baneling x26  
  153  9:52  Zergling x12  
  159  9:53  Hatchery, Zergling x42  
  159  9:56  Infestor  
  159  9:59  Infestor  
  181  10:05  Spore Crawler  
  181  10:06  Spore Crawler  
  181  10:09  Spore Crawler, Drone  
  181  10:10  Drone x7  
  181  10:11  Spore Crawler  
  187  10:18  Zerg Missile Weapons Level 1, Muscular Augments  
  183  10:28  Spore Crawler  
  182  10:37  Hydralisk x9  
  182  10:40  Overseer  
  182  10:41  Pneumatized Carapace, Overseer  
  199  10:46  Extractor  
  199  10:49  Drone x2  
  200  10:50  Drone  
  200  10:53  Extractor  
  199  11:04  Spore Crawler  
  199  11:06  Spore Crawler  
  197  11:12  Drone x3  
  197  11:17  Zerg Ground Armor Level 3, Adrenal Glands  
  188  11:28  Zergling x30  
  188  11:29  Grooved Spines  
  200  11:37  Zergling x2  
  192  11:41  Drone x2  
  192  11:43  Drone x7  
  192  11:44  Drone x3  
  189  11:54  Viper x3  
  189  11:56  Zergling x2  
  189  11:59  Baneling x15  
  199  12:15  Zerg Melee Weapons Level 3  
  199  12:17  Baneling x5  
  199  12:20  Extractor  
  198  12:23  Spore Crawler  
  193  12:35  Zergling x12  
  199  12:39  Baneling  
  199  12:40  Baneling x16  
  197  12:53  Spore Crawler  
  194  13:06  Spore Crawler  
  165  13:24  Zergling x84  
  165  13:27  Zergling x54  
  180  13:33  Baneling x8  
  180  13:34  Baneling  
  196  13:44  Hydralisk x12  
  196  14:01  Overlord  
  196  14:05  Baneling x27  
  196  14:10  Hatchery, Baneling  
  196  14:11  Baneling x8  
  196  14:15  Overlord  
  195  14:29  Hydralisk Den  
  195  14:30  Baneling x11  
  195  14:31  Extractor, Zergling x12  
  195  14:36  Overseer x2  
  175  14:54  Zergling x60  
  175  14:55  Zergling x2  
  182  15:02  Hydralisk x3  
  182  15:03  Hydralisk x4  
  183  15:08  Overlord x3  
  180  15:15  Baneling x16  
  180  15:18  Overlord x4  
  180  15:19  Overseer  
  180  15:20  Overseer  
  177  15:35  Drone x5  
  181  15:36  Drone x2  
  181  15:37  Drone x3  
  181  15:39  Drone x9  
  181  15:41  Baneling  
  181  15:42  Baneling x15  
  196  15:45  Zergling x6  
  199  15:52  Baneling x3  
  199  15:58  Overseer x2  
  199  16:10  Baneling x15, Zergling x2  
  200  16:14  Spore Crawler  
  181  16:50  Zergling x2  
  181  16:51  Zergling x68  
  185  16:55  Zergling x4  
  174  17:02  Zergling x8  
  174  17:15  Hydralisk x5  
  171  17:18  Zergling x8  
  175  17:41  Drone  
  169  17:46  Drone x13  
  170  17:52  Baneling x13  
  170  17:55  Hatchery  
  167  18:05  Hydralisk x4, Baneling x9, Spore Crawler  
  166  18:06  Spore Crawler, Hydralisk x3  
  166  18:07  Zergling x2  
  166  18:08  Zergling x4  
  166  18:10  Baneling x9  
  166  18:11  Overseer x4  
  182  18:21  Zergling x12  
  182  18:22  Zergling x8  
  192  18:33  Zergling x14  
  199  18:36  Zerg Missile Weapons Level 2  
  199  18:37  Hatchery, Baneling x12  
  199  18:38  Baneling x3  
  198  18:41  Hatchery  
  198  18:46  Zergling x2  
  198  18:47  Zergling x2  
  199  19:01  Infestor  
  170  19:17  Zergling x10  
  170  19:18  Zergling x48  
  172  19:30  Zergling x28  
  154  19:35  Zergling x2, Drone x19  
  138  19:49  Hydralisk x10  
  138  19:51  Hatchery  
  154  19:53  Queen x2  
  154  19:57  Zergling x22  
  169  20:02  Zergling x6  
  169  20:06  Viper x3  
  181  20:12  Baneling x8  
  181  20:13  Baneling x9  
  180  20:17  Zergling x24  
  191  20:24  Zergling x16  
  193  20:35  Zergling x14  
  190  20:42  Zergling x10  
  189  20:49  Zergling x16  
  197  20:56  Zergling x12  
  187  21:05  Zergling x10  
  187  21:08  Zerg Missile Weapons Level 3  
  181  21:11  Hydralisk x6  
  181  21:17  Baneling x9  
  193  21:28  Hydralisk x3  
  194  21:38  Zergling x20  
  169  21:49  Zergling x16  
  172  21:54  Zergling x6  
  172  22:04  Zergling x2  
  172  22:05  Zergling x10  
  176  22:20  Baneling x8  
  176  22:22  Zergling x4  
  173  22:23  Zergling x16  
  173  22:27  Zergling x4  
  177  22:42  Baneling x10  
  174  22:46  Neural Parasite  
  174  22:48  Zergling x24  
  174  22:50  Baneling x10  
  186  22:51  Extractor  
  186  22:52  Extractor  
  186  22:54  Drone x3  
  185  23:06  Zergling x16  
  185  23:10  Hatchery  
  191  23:19  Infestor  
  192  23:22  Extractor x2  
  192  23:23  Drone x3  
  192  23:24  Drone x3  
  194  23:38  Extractor  
  194  23:39  Extractor  
  168  23:53  Zergling x26  
  168  23:54  Zergling x4  
  158  24:02  Infestor x2  
  162  24:11  Zergling x12  
  162  24:14  Baneling x11  
  162  24:16  Zergling x12  
  175  24:21  Baneling x4  
  174  24:25  Zergling x2  
  174  24:26  Zergling x2  
  175  24:34  Zergling x12  
  165  24:49  Zergling x38  
  172  25:01  Hydralisk x7  
  186  25:09  Spore Crawler  
  186  25:10  Overseer, Spore Crawler  
  184  25:14  Zergling x14  
  180  25:33  Hydralisk x10  
  194  25:42  Baneling  
  194  25:43  Baneling x13  
  191  25:53  Zergling x2  
  191  25:54  Zergling x10  
  187  26:21  Zergling x20  
  195  26:34  Hatchery  
  192  26:49  Infestor  
  192  26:51  Overlord  
  192  27:00  Zergling x18  
  157  27:12  Zergling x10  
  128  27:23  Zergling x2  
  128  27:24  Zergling x4  
  121  27:57  Infestor x4  
  125  28:14  Infestor x4  
  132  28:38  Hatchery, Hydralisk x3  
  135  28:59  Zergling x8  
  127  29:32  Hatchery  
  124  30:07  Zergling x24  
  136  30:18  Zergling x6  
  136  30:19  Zergling x2  
  138  30:33  Zergling x12  
  144  30:39  Zergling x4  
  146  30:50  Infestor x3  
  146  30:51  Infestor x4  
  152  31:14  Zergling x26  
  154  31:38  Zergling x24  
  160  31:51  Overlord x3  
  146  32:17  Hydralisk x7  
  152  32:37  Viper x4  
  152  32:39  Extractor  
  163  32:57  Hydralisk x3  
  169  33:17  Infestor x2  
  169  33:18  Infestor x9  
  163  33:23  Zergling x14  
  163  33:24  Zergling x4  
  164  33:35  Infestor x9, Overseer x2  
  146  34:18  Zergling x16  
  134  35:04  Infestor x2  
  136  35:15  Infestor x5  
  110  36:17  Drone x18  
  108  37:13  Infestor x7  
Show
View Real Time Build Order
Export as new Build Order

Spirit Terran - Winner!

Build Orders: Command Center First, Hellion Banshee 

Get SALT Encoding   

  12  0:00  SCV  
  13  0:12  SCV  
  14  0:16  Supply Depot  
  14  0:24  SCV  
  15  0:38  SCV  
  16  0:50  SCV  
  17  0:58  Command Center  
  17  1:02  SCV  
  18  1:12  Barracks  
  18  1:15  SCV  
  19  1:20  Refinery  
  19  1:27  SCV  
  19  1:29  Refinery  
  20  1:39  SCV  
  21  1:51  SCV  
  22  2:00  Reaper  
  23  2:03  Orbital Command  
  23  2:10  Orbital Command  
  23  2:18  Factory  
  23  2:25  Supply Depot  
  23  2:29  SCV  
  24  2:33  Barracks Reactor  
  24  2:36  SCV  
  25  2:41  SCV  
  26  2:48  SCV  
  27  2:53  SCV  
  27  2:55  Command Center  
  28  3:00  SCV  
  28  3:04  Starport  
  28  3:05  SCV  
  31  3:12  SCV  
  31  3:14  Hellion x2  
  31  3:19  Barracks Tech Lab  
  35  3:20  Supply Depot  
  35  3:24  SCV  
  35  3:25  SCV  
  37  3:35  Hellion  
  37  3:36  Hellion, SCV  
  37  3:37  SCV  
  43  3:45  Barracks Tech Lab  
  43  3:47  Banshee  
  43  3:48  SCV  
  47  3:52  Cloaking Field  
  47  3:54  SCV  
  48  4:00  SCV  
  48  4:02  Hellion x2  
  53  4:06  SCV  
  53  4:08  Marine, Orbital Command  
  55  4:12  SCV, Stimpack  
  56  4:18  SCV  
  61  4:24  Hellion x2, SCV  
  61  4:28  Marine  
  61  4:29  Supply Depot  
  61  4:30  SCV  
  61  4:31  Banshee  
  67  4:36  SCV x2  
  69  4:50  SCV  
  69  4:52  Refinery, Supply Depot  
  70  4:53  Refinery  
  70  4:54  Barracks, Factory Reactor  
  70  4:56  Barracks, SCV  
  72  5:02  Orbital Command  
  72  5:05  Engineering Bay x2  
  72  5:06  SCV  
  72  5:07  Marine  
  72  5:08  SCV  
  72  5:12  Command Center  
  74  5:18  SCV  
  75  5:21  SCV  
  75  5:26  Starport Reactor  
  76  5:29  Supply Depot  
  76  5:30  Marine, SCV  
  76  5:32  Terran Infantry Weapons Level 1  
  76  5:33  Terran Infantry Armor Level 1, SCV  
  76  5:34  SCV  
  80  5:35  Supply Depot  
  80  5:42  SCV  
  81  5:45  SCV  
  81  5:46  SCV  
  81  5:47  Supply Depot  
  81  5:49  Supply Depot  
  83  5:50  Marine, Bunker  
  83  5:51  Siege Tank, Combat Shield  
  83  5:53  Marine  
  83  5:54  SCV  
  89  5:58  Marine, SCV  
  89  5:59  Marine, SCV  
  89  6:01  Marine  
  94  6:06  SCV  
  94  6:08  Marine  
  94  6:10  SCV  
  94  6:11  Marine  
  97  6:12  Medivac  
  97  6:13  Medivac  
  97  6:15  SCV  
  97  6:16  Marine  
  97  6:17  Marine, Supply Depot  
  105  6:18  SCV  
  105  6:20  Supply Depot  
  105  6:23  SCV  
  105  6:24  Marine  
  108  6:26  Marine  
  108  6:27  SCV  
  108  6:29  Barracks x2  
  108  6:31  Marine  
  111  6:32  Refinery  
  111  6:33  Refinery  
  111  6:34  Marine, SCV  
  111  6:35  SCV  
  111  6:36  Marine  
  111  6:39  SCV  
  116  6:44  Marine  
  116  6:46  Medivac x2  
  121  6:47  Marine  
  121  6:51  Marine, SCV  
  121  6:53  Marine  
  125  6:56  Siege Tank  
  125  6:57  Factory, SCV, Armory  
  129  7:02  Marine, Supply Depot x2  
  129  7:07  Marine  
  131  7:10  Marine x2  
  131  7:11  Marine  
  131  7:15  SCV x2  
  136  7:18  SCV  
  136  7:20  Marine  
  136  7:22  Barracks Reactor, Barracks Tech Lab  
  134  7:25  Marine  
  134  7:27  Marine, SCV x2  
  134  7:28  Marine  
  134  7:29  Marine  
  140  7:30  Siege Tank, Supply Depot  
  140  7:31  Planetary Fortress  
  140  7:34  Supply Depot  
  143  7:38  SCV  
  143  7:40  SCV  
  143  7:42  Sensor Tower  
  145  7:47  Terran Infantry Weapons Level 2  
  145  7:49  Marine x2  
  147  7:51  SCV  
  147  7:52  SCV  
  147  7:57  Marine x6  
  155  8:00  Factory Tech Lab  
  155  8:02  Siege Tank  
  155  8:04  SCV  
  159  8:06  Terran Infantry Armor Level 2  
  159  8:07  Marine x2  
  161  8:15  Marine x6  
  161  8:19  Siege Tank  
  167  8:25  Marine x2  
  169  8:33  Marine x3  
  172  8:34  Siege Tank  
  172  8:35  Sensor Tower  
  175  8:43  Marine x3, Barracks  
  175  8:44  Marine  
  175  8:45  Barracks, Marine  
  175  8:46  Barracks  
  175  8:51  Siege Tank, Marine  
  179  8:59  Marine  
  179  9:00  Command Center  
  180  9:03  Marine  
  180  9:05  Marine  
  180  9:06  Marine  
  180  9:08  SCV  
  178  9:11  Supply Depot  
  178  9:14  Marine x2  
  178  9:15  Marine  
  178  9:16  Marine  
  180  9:21  Marine  
  180  9:22  Medivac  
  160  9:39  Bunker  
  160  9:41  Supply Depot  
  160  9:44  Supply Depot  
  160  9:49  Barracks Tech Lab x3  
  160  9:50  Command Center  
  160  9:55  Terran Vehicle Weapons Level 1, Supply Depot x2  
  160  10:00  Marine x4  
  160  10:03  Medivac, Marine x2, Liberator, SCV  
  160  10:04  Supply Depot  
  160  10:05  Marine x2  
  160  10:06  Siege Tank x2  
  180  10:08  Refinery x2  
  180  10:11  Ghost Academy  
  180  10:12  Marauder  
  182  10:17  Marine  
  182  10:20  Marine  
  173  10:25  Terran Infantry Weapons Level 3  
  173  10:27  Marine  
  173  10:28  Marauder  
  176  10:29  Terran Infantry Armor Level 3  
  176  10:32  Marine  
  176  10:33  Marauder, Liberator  
  182  10:38  Siege Tank x2  
  182  10:39  Marine  
  182  10:42  Marauder, Marine  
  190  10:45  Ghost  
  192  10:53  Marauder, Marine x5  
  192  10:54  Marine  
  200  11:03  Orbital Command  
  197  11:05  Command Center  
  197  11:10  Siege Tank  
  197  11:14  Siege Tank  
  200  11:19  Command Center  
  199  11:27  Command Center  
  199  11:29  Missile Turret  
  199  11:30  Marauder  
  191  11:43  Planetary Fortress  
  191  11:45  Ghost x4  
  191  11:46  Marine  
  189  11:48  Missile Turret  
  189  11:51  Ghost  
  189  11:52  Refinery  
  189  11:53  Command Center, Refinery  
  191  11:56  Siege Tank  
  194  12:01  Medivac  
  194  12:07  Missile Turret  
  196  12:08  Medivac  
  198  12:18  Ghost  
  200  12:28  Sensor Tower, Ghost  
  194  12:30  Missile Turret  
  194  12:31  Missile Turret  
  194  12:32  Ghost  
  195  12:41  Planetary Fortress  
  195  12:43  Siege Tank  
  197  12:47  Medivac  
  197  12:50  Orbital Command  
  197  12:51  Orbital Command  
  199  12:52  Command Center  
  199  12:54  Command Center  
  199  12:57  Marine  
  194  13:20  Orbital Command  
  194  13:23  Ghost x5  
  194  13:24  Marine  
  194  13:26  Marine x5  
  190  13:29  SCV x5  
  195  13:41  Marine, SCV x2  
  195  13:44  Marine x5  
  171  13:49  Medivac x2  
  171  13:53  Marauder  
  183  13:56  Siege Tank  
  183  14:00  Siege Tank  
  189  14:09  Missile Turret  
  189  14:10  Orbital Command  
  189  14:11  Sensor Tower  
  189  14:12  SCV x2  
  189  14:16  Neosteel Armor  
  191  14:17  Hi-Sec Auto Tracking  
  191  14:20  Marine  
  191  14:21  Marauder x3, Medivac x2, Marine  
  191  14:22  Marauder  
  191  14:23  Marine  
  200  14:34  Starport, Terran Vehicle Weapons Level 2  
  200  14:35  Fusion Core  
  200  14:36  Personal Cloaking  
  200  14:50  Marauder  
  200  14:52  Marine  
  178  14:53  Marine x8  
  178  14:54  Marauder  
  178  14:56  Siege Tank  
  160  15:04  Siege Tank  
  160  15:08  Orbital Command  
  160  15:09  Marine  
  160  15:11  Marine x8  
  160  15:12  Marauder  
  171  15:14  Marine  
  171  15:15  SCV x5  
  171  15:20  Planetary Fortress  
  177  15:27  Marine  
  178  15:29  Marine x8  
  178  15:32  Siege Tank, Marine  
  178  15:33  Marine  
  191  15:39  Siege Tank, Missile Turret  
  194  15:42  Liberator  
  194  15:46  Ghost  
  194  15:47  Liberator  
  199  15:52  SCV  
  199  15:53  Sensor Tower  
  200  16:02  Advanced Ballistics, Nuke  
  200  16:04  Starport Reactor  
  200  16:11  Command Center  
  200  16:26  Command Center  
  200  16:29  Command Center  
  200  16:37  Missile Turret  
  200  16:43  Marine  
  200  16:46  Siege Tank  
  194  16:47  Marine x8  
  181  16:55  Orbital Command  
  181  16:59  Marine x2  
  177  17:01  Marine  
  177  17:05  Marine x8  
  182  17:29  Siege Tank  
  168  17:36  Ghost x5  
  149  17:37  Marine  
  148  17:46  Siege Tank  
  148  18:01  Siege Tank  
  148  18:02  Medivac, Sensor Tower  
  148  18:03  Medivac x2  
  148  18:04  Marine, Ghost x4  
  168  18:05  Marauder  
  168  18:06  Marine  
  169  18:13  Missile Turret  
  169  18:15  Missile Turret  
  169  18:16  Orbital Command  
  169  18:18  Siege Tank  
  172  18:21  Marine  
  172  18:26  Ghost  
  175  18:29  Liberator  
  175  18:32  Liberator x2, Nuke  
  175  18:33  Liberator, Ghost  
  191  18:34  Marauder  
  191  18:42  Planetary Fortress  
  191  18:44  Ghost  
  193  18:50  Command Center  
  193  19:06  Ghost  
  195  19:15  Marine x5  
  195  19:16  Marauder, Marine  
  178  19:17  Marauder, Marine  
  178  19:23  Siege Tank  
  173  19:26  Marine  
  164  19:33  Siege Tank, Marine x3  
  164  19:35  Marine x4  
  164  19:36  Marauder  
  164  19:37  Marine  
  177  19:38  Marine  
  177  19:42  Orbital Command  
  177  19:44  Marine  
  165  19:51  Marine x3  
  165  19:53  Marine x3  
  165  19:54  Marauder  
  165  19:55  Siege Tank  
  173  20:02  Marauder  
  173  20:03  Marine  
  173  20:05  Siege Tank  
  179  20:20  Marine  
  182  20:22  Marine  
  182  20:24  Marine  
  182  20:25  Marauder  
  182  20:27  Siege Tank  
  182  20:28  Orbital Command  
  170  20:37  Marauder, Marine x4  
  170  20:40  Marine  
  177  20:42  Marine  
  177  20:43  Marine  
  178  20:51  Siege Tank  
  178  20:52  Planetary Fortress  
  181  20:58  Marauder  
  183  21:07  Siege Tank  
  183  21:10  Marauder, Marine x4  
  183  21:11  Marauder  
  191  21:23  Siege Tank  
  191  21:25  Missile Turret  
  196  21:28  Refinery  
  196  21:29  Command Center, Refinery  
  191  21:37  Marine, Missile Turret  
  191  21:38  Marauder, Marine x2  
  191  21:39  Siege Tank  
  196  21:45  SCV x7  
  200  21:51  Marine  
  200  21:53  Marauder  
  197  21:55  Siege Tank  
  200  22:13  Sensor Tower, Refinery  
  200  22:14  Liberator x2, Refinery  
  198  22:19  SCV x2  
  200  22:30  Bunker  
  200  22:32  Bunker  
  200  22:40  SCV x6  
  198  22:52  SCV x2  
  200  22:58  Orbital Command  
  200  23:03  Concussive Shells  
  200  23:04  Missile Turret  
  200  23:08  Missile Turret  
  200  23:10  Sensor Tower  
  195  23:53  Siege Tank  
  195  23:54  Refinery  
  185  23:55  Siege Tank  
  185  23:57  Marauder x5, Marine x4  
  185  23:58  Marine  
  198  24:04  SCV x2  
  200  24:10  Missile Turret  
  200  24:13  Command Center  
  200  24:34  Ghost  
  199  24:41  Sensor Tower, Missile Turret  
  188  24:50  Viking x4  
  186  24:53  Planetary Fortress  
  186  25:03  Ghost x2  
  186  25:06  Refinery  
  190  25:17  Missile Turret  
  190  25:20  SCV x6  
  196  25:21  Orbital Command  
  196  25:22  Missile Turret  
  192  25:32  SCV  
  185  25:51  Thor x2  
  197  26:04  SCV x3  
  189  26:26  Command Center, Refinery  
  189  26:36  Viking  
  160  27:10  Marine  
  160  27:11  Marine x10  
  171  27:18  Siege Tank  
  143  27:26  SCV x2  
  143  27:27  SCV x4  
  147  27:34  Viking  
  147  27:38  SCV  
  147  27:39  SCV x4  
  147  27:43  Orbital Command  
  152  27:45  SCV  
  153  27:53  Missile Turret  
  153  27:55  Refinery  
  153  27:56  Refinery  
  153  28:04  Refinery x2  
  141  28:07  Refinery  
  141  28:12  Infernal Pre-Igniter  
  132  28:14  Hellion x2  
  135  28:35  Hellion x2  
  139  28:44  Orbital Command  
  139  28:46  Ghost x3  
  130  28:56  Hellion  
  130  28:57  Ghost  
  134  29:09  Ghost  
  136  29:22  Refinery  
  136  29:23  Refinery  
  137  29:28  Sensor Tower  
  133  29:34  Missile Turret  
  133  29:36  Thor  
  133  29:37  Missile Turret  
  135  29:46  SCV x4  
  135  29:47  SCV  
  135  29:49  Planetary Fortress  
  140  29:58  Marine  
  140  29:59  Marine x10  
  151  30:01  Hellion, SCV  
  152  30:09  SCV  
  152  30:11  Missile Turret  
  153  30:16  Marine x2  
  153  30:19  Hellion  
  157  30:22  Hellion  
  157  30:25  Terran Vehicle Weapons Level 3  
  157  30:27  Viking  
  161  30:44  Liberator  
  164  30:53  Liberator  
  164  30:55  Orbital Command  
  167  31:07  Command Center, Orbital Command  
  154  31:42  Liberator x2  
  154  31:45  Ghost x5  
  154  31:46  Marine  
  172  32:01  Planetary Fortress  
  161  32:13  Marine  
  167  32:24  Hellion, Thor  
  167  32:27  Marine x2  
  165  32:35  Missile Turret  
  165  32:39  Sensor Tower  
  165  32:42  Missile Turret  
  165  32:46  Hellion  
  165  32:50  Ghost x2  
  171  32:57  SCV x5  
  176  33:00  SCV  
  176  33:02  Terran Vehicle And Ship Armor Level 1, Missile Turret  
  176  33:03  SCV  
  178  33:07  Hellion  
  178  33:09  Smart Servos, SCV  
  179  33:14  Hellion x4  
  179  33:15  Hellion x2  
  175  33:26  Hellion  
  171  33:28  Hellion  
  172  33:53  Hellion x2, Ghost x2  
  152  34:21  Ghost  
  152  34:23  Marauder, Marine  
  157  34:29  Hellion x2  
  157  34:30  Hellion x5  
  161  34:34  Orbital Command  
  161  34:40  Ghost  
  161  34:42  Marauder, Marine  
  166  34:51  Orbital Command  
  164  34:53  Missile Turret  
  164  34:54  Missile Turret  
  164  34:55  Orbital Command  
  164  34:57  Hellion  
  163  35:13  Thor  
  169  35:15  Missile Turret  
  169  35:47  Planetary Fortress  
  164  36:00  Hellion x2  
  160  36:38  Missile Turret  
  160  36:49  Ghost x4  
  168  37:22  Hellion x13, Missile Turret  
  158  37:31  Raven  
  149  38:05  Raven  
  151  38:12  Hellion x13  
  153  38:25  Sensor Tower  
Tags
 
Add a new tag
Caveats
  • Supply blocks, unpowered buildings, or Contaminate may cause inaccurate times.
  • Supply counts are checked every 10 seconds.